 Dungeon Crawl Stone Soup version 0.19-b1-5-gdc9fa9d (webtiles) character file.

710 Neder the Chopper (level 7, 0/52 HPs)
             Began as a Demonspawn Fighter on Nov 1, 2016.
             Slain by Edmund
             ... wielding a +4 dire flail of crushing
              (10 damage)
             ... on level 5 of the Dungeon.
             The game lasted 00:12:59 (3836 turns).

Neder the Chopper (Demonspawn Fighter)              Turns: 3836, Time: 00:13:00

Health: 0/52       AC: 10    Str: 18    XL:     7   Next: 40%
Magic:  7/7        EV:  7    Int: 14    God:
Gold:   182        SH:  0    Dex: 13    Spells: 0 memorised, 6 levels left

rFire  . . .     SeeInvis .     a - +0 war axe
rCold  . . .     Gourm    .     h - +0 chain mail
rNeg   . . .     Faith    .     (no shield)
rPois  .         Spirit   .     (no helmet)
rElec  .         Reflect  .     u - +0 cloak
rCorr  .         Harm     .     (no gloves)
MR     .....                    (no boots)
Stlth  ..........               (no amulet)
                                (no ring)
                                (no ring)

@: brilliant
A: hooves 1, spiny 2
a: no special abilities


You were on level 5 of the Dungeon.
You were hungry.

You visited 1 branch of the dungeon, and saw 5 of its levels.

You collected 182 gold pieces.

Inventory:

Hand Weapons
 a - a +0 war axe (weapon)
Armour
 b - a +0 scale mail
 h - a +0 chain mail (worn)
 u - a +0 cloak (worn)
Jewellery
 e - an uncursed ring of resist corrosion {unknown}
 g - an uncursed amulet of rage {unknown}
 k - a +3 ring of evasion {unknown}
 o - an uncursed ring of protection from fire {unknown}
 q - a +4 ring of intelligence {unknown}
 r - an uncursed ring of flight {unknown}
 x - a cursed ring of loudness {unknown}
Scrolls
 c - 3 scrolls of remove curse {unknown}
 i - a scroll of enchant weapon {unknown}
 j - 5 scrolls of identify {unknown}
 l - 4 scrolls of amnesia {unknown}
 n - a scroll of fog {unknown}
 p - a scroll of random uselessness {unknown}
 y - 2 scrolls of magic mapping {unknown}
Potions
 d - a potion of might
 m - a potion of lignification {unknown}
 s - a potion of brilliance
 v - a potion of ambrosia {unknown}
 w - a potion of flight {unknown}
 z - a potion of berserk rage {unknown}
 A - 2 potions of mutation {unknown}
 B - 4 potions of curing {unknown}
 C - a potion of magic {unknown}
Comestibles
 f - 2 bread rations
 t - 2 meat rations


   Skills:
 - Level 3.0 Fighting
 + Level 7.7 Axes
 - Level 2.6 Armour
   Level 2.6 Shields


You had 6 spell levels left.
You didn't know any spells.

Dungeon Overview and Level Annotations

Branches:
Dungeon (5/15)             Temple (0/1) D:4

Altars:
Dithmenos
Vehumet

Annotations:
D:5 Edmund


Innate Abilities, Weirdness & Mutations

You have large cloven feet.
You are mostly covered in sharp spines.


Message History

You hit Edmund but do no damage. You kick Edmund, but do no damage.
Edmund is struck by your spines.
Edmund hits you with a dire flail of crushing.
You barely miss Edmund.
Edmund is lightly wounded.
Edmund closely misses you.
Your chain mail prevents you from hitting Edmund.
You kick Edmund, but do no damage.
Edmund is lightly wounded.
Edmund grinds his teeth, and then sighs.
Edmund barely misses you.
You hit Edmund. Your kick misses Edmund.
Edmund is lightly wounded.
Edmund is struck by your spines.
Edmund hits you with a dire flail of crushing.
* * * LOW HITPOINT WARNING * * *
x2 It was a potion of brilliance.
You feel clever all of a sudden.
Edmund hits you with a dire flail of crushing!
You die...

......#.......##.#
#.....#.###.####.#
....... ##..# #.#
......###..#####.#
..........####...#####
.#.....#### #........#
####.#.######.......<#
.....................#
###..########...@....#
#...# #.###@#### #.#.#
#. #.# ###.#.# #. #.#
....#.##### #.#
..........# #.#
....(.....# #.#
..†.......# #.#
...........


You could see Edmund.

Vanquished Creatures
  An ice beast (D:5)
  An ogre (D:4)
  A centaur (D:5)
  2 howler monkeys (D:4)
  2 crimson imps (D:5)
  A hound (D:4)
  Crazy Yiuf (D:3)
  An orc priest (D:5)
  An orc wizard (D:3)
  A worker ant (D:5)
  A hound zombie (D:5)
  4 adders
  An adder skeleton (D:4)
  A worm (D:4)
  3 dart slugs
  A leopard gecko (D:2)
  18 orcs
  5 giant cockroaches
  7 goblins
  11 hobgoblins
  11 jackals
  4 kobolds
  A quokka (D:2)
  2 ball pythons
  A ball python skeleton (D:4)
  5 bats
  5 frilled lizards
  6 rats
99 creatures vanquished.

Notes
Turn   | Place    | Note
-------+----------+-------------------------------------------
     0 | D:1      | Neder the Demonspawn Fighter began the quest for the Orb.
     0 | D:1      | Reached XP level 1. HP: 18/18 MP: 1/1
    68 | D:1      | Reached skill level 2 in Axes
   320 | D:1      | Gained mutation: You are partially covered in sharp spines. [demonic ancestry]
   320 | D:1      | Reached XP level 2. HP: 15/24 MP: 2/2
   623 | D:1      | Reached skill level 3 in Axes
   962 | D:2      | Reached XP level 3. HP: 26/29 MP: 3/3
  1264 | D:2      | Found a radiant altar of Vehumet.
  1361 | D:2      | Gained mutation: You have large cloven feet. [demonic ancestry]
  1361 | D:2      | Reached XP level 4. HP: 35/35 MP: 4/4
  1545 | D:3      | Reached skill level 4 in Axes
  1771 | D:3      | Found a runed door.
  1962 | D:3      | Gained mutation: You are mostly covered in sharp spines. [demonic ancestry]
  1962 | D:3      | Reached XP level 5. HP: 41/41 MP: 5/5
  2302 | D:3      | Noticed Crazy Yiuf
  2308 | D:3      | Killed Crazy Yiuf
  2308 | D:3      | Reached skill level 5 in Axes
  2774 | D:4      | Reached XP level 6. HP: 46/47 MP: 6/6
  2806 | D:4      | Found a sand-covered staircase.
  2841 | D:4      | Found a staircase to the Ecumenical Temple.
  3117 | D:4      | HP: 1/47 [ogre/giant club (19)]
  3118 | D:4      | Reached skill level 6 in Axes
  3407 | D:5      | Entered Level 5 of the Dungeon
  3407 | D:5      | Found a shadowy altar of Dithmenos.
  3701 | D:5      | Reached skill level 7 in Axes
  3701 | D:5      | Reached XP level 7. HP: 36/52 MP: 7/7
  3825 | D:5      | Noticed Edmund
  3836 | D:5      | Slain by Edmund

Skill      XL: |  1  2  3  4  5  6 |
---------------+-------------------+-----
Axes           | 2 3 4 5 7 |  7.7
Fighting       | |  3.0
Armour         | |  2.6
Shields        | |  2.6

Action                   |  1- 3 |  4- 6 |  7- 9 || total
-------------------------+-------+-------+-------++-------
Melee: War axe           |   109 |   111 |    26 ||   246
       Kick              |       |    26 |     6 ||    32
  Use: Potion            |       |     1 |     1 ||     2
  Eat: Bread ration      |       |     1 |       ||     1
       Chunk             |       |     3 |       ||     3
       Pizza             |       |     1 |       ||     1
Armor: Chain mail        |    63 |    61 |    10 ||   134
       Scale mail        |     3 |       |       ||     3
Dodge: Dodged            |    29 |    36 |     8 ||    73
Block: Shield            |     3 |       |       ||     3
